Map: Oceanborn LE

Players

SubN - Winner!

  • Race: Zerg Zerg
  • League: Diamond
  • Spawn Location: 5:00

NandoS

  • Race: Zerg Zerg
  • League: Platinum
  • Spawn Location: 11:00

VOD

Have the link to the VOD?

Description

Time

  • Played on: Jan. 18, 2024, 6:08 p.m.
  • Length: 7:52
Show
View Real Time Build Order
Export as new Build Order

SubN Zerg - Winner!

Build Orders: Hatch First 

Get SALT Encoding   

  12  0:00  Drone  
  13  0:12  Overlord  
  13  0:16  Drone  
  14  0:30  Drone x2  
  16  0:51  Drone, Hatchery  
  16  0:54  Drone  
  17  1:03  Drone  
  18  1:05  Extractor  
  17  1:14  Spawning Pool  
  17  1:17  Drone  
  17  1:20  Drone  
  18  1:27  Drone  
  19  1:38  Drone  
  20  1:49  Overlord  
  20  2:00  Queen  
  22  2:03  Queen  
  22  2:05  Zergling x2  
  22  2:06  Zergling x2  
  26  2:11  Drone  
  26  2:13  Metabolic Boost  
  27  2:21  Zergling x2  
  28  2:24  Drone  
  28  2:27  Drone  
  30  2:38  Drone x2  
  30  2:42  Queen  
  34  2:47  Drone x2  
  36  3:02  Overlord  
  36  3:15  Lair  
  36  3:18  Overlord x3  
  36  3:21  Queen  
  38  3:29  Roach Warren  
  38  3:31  Drone x4  
  41  3:38  Drone  
  42  3:42  Extractor  
  42  3:45  Drone x2  
  42  3:46  Drone  
  44  3:50  Extractor  
  44  3:54  Zergling x6  
  44  3:55  Zergling x2  
  46  3:58  Drone x2  
  48  4:13  Glial Reconstitution  
  48  4:16  Drone  
  49  4:17  Drone x6  
  49  4:23  Extractor  
  54  4:26  Roach  
  56  4:34  Roach x3  
  56  4:37  Drone  
  63  4:42  Drone  
  63  4:44  Roach x2  
  68  4:47  Overlord  
  67  4:55  Overlord  
  67  4:56  Overlord  
  63  5:17  Roach x7  
  77  5:23  Drone  
  77  5:25  Evolution Chamber  
  77  5:27  Evolution Chamber  
  76  5:28  Drone  
  71  5:53  Roach x6  
  71  5:54  Roach  
  83  6:07  Roach  
  83  6:08  Roach x3  
  91  6:15  Overlord x4  
  89  6:24  Roach x3  
  85  6:28  Drone  
  82  6:33  Overseer  
  82  6:39  Hatchery  
  73  6:44  Roach x5  
  83  6:53  Roach  
  83  6:54  Roach x3  
  87  6:59  Overseer  
  87  7:00  Overlord  
  87  7:02  Drone  
  87  7:08  Drone  
  89  7:22  Overseer  
  87  7:28  Roach  
  87  7:29  Roach x7  
Show
View Real Time Build Order
Export as new Build Order

NandoS Zerg 

Build Orders: Hatch First 

Get SALT Encoding   

  12  0:03  Drone  
  13  0:13  Overlord  
  13  0:19  Drone  
  14  0:32  Drone x2  
  16  0:54  Drone  
  16  0:56  Drone  
  18  0:57  Hatchery  
  17  1:05  Drone  
  18  1:18  Spawning Pool  
  17  1:19  Extractor  
  17  1:20  Drone  
  17  1:22  Drone  
  18  1:29  Drone  
  19  1:43  Drone  
  20  2:03  Drone, Overlord  
  21  2:08  Queen  
  21  2:09  Queen  
  25  2:16  Zergling x4  
  25  2:22  Drone  
  28  2:27  Zergling x2  
  28  2:28  Metabolic Boost  
  29  2:37  Drone  
  29  2:38  Zergling x2  
  31  2:45  Queen  
  33  2:52  Baneling Nest  
  33  2:54  Drone x3  
  35  3:09  Zergling x2  
  35  3:10  Overlord  
  35  3:14  Overlord  
  35  3:18  Overlord, Spine Crawler  
  34  3:21  Overlord  
  34  3:27  Overlord  
  34  3:29  Zergling x4  
  36  3:36  Drone x2  
  38  3:44  Queen  
  40  4:02  Hatchery  
  39  4:03  Baneling x2  
  39  4:04  Baneling x2  
  39  4:06  Drone x2  
  39  4:07  Drone x2  
  43  4:11  Drone x2  
  43  4:14  Drone, Extractor  
  45  4:23  Zergling x6  
  48  4:29  Overlord  
  48  4:37  Drone, Roach Warren  
  48  4:41  Drone x2  
  50  4:47  Lair  
  50  4:53  Drone x2  
  50  4:57  Extractor  
  50  4:58  Drone  
  50  4:59  Extractor  
  49  5:08  Zergling x4  
  49  5:09  Zergling x2  
  49  5:12  Drone x2  
  50  5:18  Spine Crawler  
  50  5:19  Drone x2  
  51  5:26  Spine Crawler  
  51  5:27  Baneling x2  
  50  5:31  Zergling x4  
  50  5:32  Zergling x2  
  50  5:35  Zergling x2  
  53  5:39  Zergling x4  
  53  5:43  Zergling x4  
  53  5:48  Zergling x2  
  53  5:49  Zergling x2  
  55  5:53  Roach  
  55  5:54  Roach  
  54  6:02  Roach x2  
  54  6:03  Roach  
  57  6:06  Drone  
  57  6:11  Drone, Roach  
  58  6:14  Drone  
  58  6:17  Roach  
  59  6:22  Roach  
  59  6:25  Roach  
  58  6:27  Drone  
  58  6:31  Roach  
  61  6:34  Roach  
  61  6:36  Roach  
  61  6:39  Roach  
  63  6:42  Roach  
  63  6:46  Roach  
  61  6:48  Roach  
  61  6:50  Roach  
  61  6:54  Roach  
  63  7:00  Roach x2  
  59  7:05  Roach  
  59  7:06  Roach  
  60  7:08  Ravager  
  60  7:13  Spine Crawler  
  56  7:16  Roach  
  51  7:23  Roach x2  
  47  7:31  Roach x2  
Tags
 
Add a new tag
Caveats
  • Supply blocks, unpowered buildings, or Contaminate may cause inaccurate times.
  • Supply counts are checked every 10 seconds.